AoeStats
← Chiripa605

African Clearing

505507374Analyzed
4v4 RM · 23d ago on Sep 9, 2026· 23m 49s· 8 players
Game mode
Random Map
Map size
Large (8 player)
Population
200
Speed
Normal
Resources
Standard
Victory
Conquest
Starting age
Dark Age
Ending age
Imperial Age
RankedLock teamsTeams togetherTeam positionsShared explorationLock speedFull tech treeHidden civsTurbo modeCheats
Victory
Defeat
🇧🇷 Goths · Brazil
1240
+14
🇧🇷 Persians · Brazil
1206
+15
🇧🇷 Hindustanis · Brazil
1177
+17
🇧🇷 Koreans · Brazil
1152
+17
🇺🇸 Koreans · United States
1217
-17
🇪🇸 Spanish · Spain
1199
-16
🇦🇷 Franks · Argentina
1196
-16
🇲🇽 Persians · Mexico
1154
-14
Chiripa605
3:10 Loom
13:26 Feudal Age
17:32 Castle Age
16:06 Double-Bit Axe
18:34 Bow Saw
18:59 Squires
23:21 Arson
23:41 Scale Mail Armor
garoumarcos
7:30 Loom
15:27 Feudal Age
19:07 Castle Age
17:51 Double-Bit Axe
18:00 Horse Collar
19:46 Bow Saw
19:44 Heavy Plow
[KBRA] Oeseka
7:08 Loom
14:24 Feudal Age
24:46 Castle Age
SIKUS | diavolomagro
6:11 Loom
14:44 Feudal Age
20:01 Castle Age
20:25 Town Watch
SirT_Hanomontano
10:03 Loom
12:27 Feudal Age
12:56 Town Watch
13:01 Double-Bit Axe
12:48 Man-at-Arms
16:23 Wheelbarrow
21:00 Castle Age
19:16 Scale Mail Armor
21:11 Forging
21:05 Pikeman
SirT_Naval
3:34 Loom
14:01 Feudal Age
15:13 Double-Bit Axe
24:42 Castle Age
SirT_LaGzero
5:17 Loom
14:27 Feudal Age
19:09 Castle Age
18:47 Gold Mining
24:50 Wheelbarrow
GAX | Thui
3:41 Loom
14:19 Feudal Age
18:32 Castle Age
16:56 Double-Bit Axe
18:03 Scale Barding Armor
19:59 Bow Saw
22:37 Bloodlines
24:20 Forging
Connection lost

Rejoining the realm…

Still unreachable

The connection could not be restored.

Session expired

The server has moved on; the page needs a fresh start.